[Event "*** Titled Tuesday Blitz"]
[Site "Chess.com"]
[Date "2020.05.05"]
[Round "7"]
[White "Pechen_Yeltsina"]
[Black "Arek_pacitan"]
[Result "1/2-1/2"]
[WhiteElo "2713"]
[BlackElo "2563"]
[TimeControl "180+1"]
[EndTime "11:19:07 PDT"]
[Termination "Game drawn - insufficient material"]

1. e4 c5 2. Nf3 e6 3. g3 Nc6 4. d3 Nf6 5. Bg2 d5 6. Nbd2 Be7 7. O-O O-O 8. Re1 b5 9. exd5 exd5 10. a4 b4 11. d4 Bf5 12. dxc5 Bxc5 13. Nb3 Be7 14. Nfd4 Nxd4 15. Nxd4 Bd7 16. Qd3 Rc8 17. Be3 h6 18.
Nf5 Bxf5 19. Qxf5 Qc7 20. Bd4 Rfe8 21. Re2 Qc4 22. Qd3 Qxd3 23. cxd3 a5 24. Rae1 Bf8 25. Rxe8 Nxe8 26. Bxd5 Rd8 27. Bb6 Rxd5 28. Rxe8 f6 29. d4 Kf7 30. Ra8 b3 31. Rxa5 Rxa5 32. Bxa5 Ke6 33.
Bc3 Kd5 34. a5 Bd6 35. Kf1 Kc4 36. Ke2 f5 37. h3 h5 38. Kf3 g6 39. Ke2 Bb8 40. d5 Kxd5 41. Kd3 Kc5 42. Be1 Be5 43. Bc3 Bc7 44. a6 Kb6 45. Kc4 Kxa6 46. Bd4 Bd6 47.
Kxb3 Kb5 48. Kc3 Bc7 49. Kd3 Kb4 50. Bc3+ Kb3 51. Ke3 Bd6 52. Kf3 Kc4 53. g4 fxg4+ 54. hxg4 hxg4+ 55. Kxg4 Kd3 56. Kg5 Ke4 57. Kxg6 Bc5 58.
Be1 Kf3 59. b4 Bxb4 60. Bxb4 Kxf2 1/2-1/2

[Event "*** Titled Tuesday Blitz"]
[Site "Chess.com"]
[Date "2020.05.05"]
[Round "7"]
[White "Ranindu2003"]
[Black "Olga_Zhuravleva"]
[Result "1-0"]
[WhiteElo "2483"]
[BlackElo "2263"]
[TimeControl "180+1"]
[EndTime "11:19:07 PDT"]
[Termination "Ranindu2003 won by resignation"]

1. d4 Nf6 2. Bg5 Ne4 3. Bf4 e6 4. f3 Nf6 5. e4 d6 6. Nc3 b6 7. Qd2 Bb7 8. O-O-O h6 9. Be3 Nbd7 10. g4 c5 11.
Nge2 cxd4 12. Nxd4 Nc5 13. Bb5+ Nfd7 14. b4 Na6 15. a3 Be7 16. Nc6 Bxc6 17. Bxc6 Rc8 18. Bb7 Qc7 19. Bxc8 Qxc8 20. Nb5 O-O 21. Nxd6 Bxd6 22.
Qxd6 Qc3 23. Bd4 Qxa3+ 24. Bb2 Qe3+ 25. Kb1 Nf6 26. Rhe1 Qxf3 27. Qd4 Rc8 28. h4 Qxg4 29. Rg1 Qe2 30. Rd2 Qxe4 31. Qxf6 Qe1+ 32. Rxe1 gxf6 33.
Bxf6 Nxb4 34. Rg1+ Kf8 35. Rdg2 Ke8 36. Rg8+ Kd7 37.
Rd1+ Kc7 38. Rxc8+ Kxc8 39. Rd8+ Kc7 40. Rh8 Nd5 41. Be5+ Kc6 42. Rxh6 a5 43. Bb2 1-0

[Event "*** Titled Tuesday Blitz"]
[Site "Chess.com"]
[Date "2020.05.05"]
[Round "7"]
[White "Sven_Tica"]
[Black "WPWPWP-2015"]
[Result "1-0"]
[WhiteElo "2698"]
[BlackElo "2441"]
[TimeControl "180+1"]
[EndTime "11:19:08 PDT"]
[Termination "Sven_Tica won on time"]

1. d4 d5 2. c4 c6 3. Nf3 Nf6 4. Qc2 dxc4 5. Qxc4 Bf5 6. Nbd2 Nbd7 7. g3 e6 8. Bg2 Be7 9. O-O O-O 10. Qb3 Qb6 11. Nc4 Qxb3 12. axb3 Be4 13. Bf4 Nd5 14. Bd6 Rfe8 15.
Rfc1 N7b6 16. Bxe7 Rxe7 17. Nfe5 Bxg2 18. Kxg2 Nc8 19.
e3 f6 20. Nd3 Ndb6 21. Na5 Nd6 22. Nc5 e5 23. dxe5 fxe5 24. Rd1 Nbc8 25. Nc4 Nxc4 26.
Rd8+ Kf7 27. bxc4 a5 28. Ne4 Re8 29. Rxc8 Rexc8 30. Nd6+ Ke6 31. Nxc8 Rxc8 32. Rxa5 Kd6 33. Kf3 Rf8+ 34. Ke2 e4 35. Rg5 g6 36. Ra5 b6 37.
Ra7 h5 38. h4 Kc5 39. Re7 Kxc4 40. Rxe4+ Kd5 41. Rd4+ Ke5 42. f4+ Ke6 43. e4 c5 44.
Rd5 Ra8 45. Kd2 Ra4 46. Re5+ Kf7 47. f5 Rb4 48. Kc3 gxf5 49. Rxf5+ Kg6 50. Rg5+ Kh6 51. Re5 Kg6 52. Rg5+ Kh6 53. e5 Re4 54. Kd3 Rd4+ 55. Ke3 Rb4 56. e6 Rb3+ 57. Kf4 Rxb2 58. e7 Re2 59.
Re5 Rf2+ 60. Ke3 Rf1 61. e8=Q 1-0

[Event "*** Titled Tuesday Blitz"]
[Site "Chess.com"]
[Date "2020.05.05"]
[Round "7"]
[White "binbin239"]
[Black "atwalcb"]
[Result "1-0"]
[WhiteElo "2429"]
[BlackElo "2234"]
[TimeControl "180+1"]
[EndTime "11:19:09 PDT"]
[Termination "binbin239 won by resignation"]

1. d4 d6 2. c4 e5 3. dxe5 dxe5 4. Qc2 Nc6 5. Nf3 Nb4 6. Qa4+ Bd7 7. Qb3 Bf5 8. Na3 f6 9. Bd2 a5 10. g3 Bc5 11. Bg2 c6 12. O-O Ne7 13. Rad1 Qc7 14.
Nh4 a4 15. Qf3 Be6 16. b3 Nxa2 17. Nb1 Nb4 18. bxa4 Bxc4 19. Rc1 Bd5 20. e4 Be6 21. Rxc5 Na6 22. Rcc1 O-O 23. Nf5 Nxf5 24. exf5 Bd5 25. Qe2 Bxg2 26. Kxg2 Rfd8 27. Rfd1 Kh8 28. Nc3 Nc5 29.
Be3 Nxa4 30. Rxd8+ Qxd8 31. Nxa4 Rxa4 32. Rd1 Qc7 33.
Qc2 Ra8 34. Qb3 h6 35. Qe6 Rd8 36. Rb1 b5 37. Rc1 Qb7 38. Qxc6 Qxc6+ 39. Rxc6 Kh7 40.
Rb6 Rd5 41. Rb7 h5 42. h4 e4 43. Bf4 Rxf5 44. Bd6 Rd5 45. Bf8 Kg8 46. Bxg7 f5 47. Bh6 Kh8 48. Bf4 Kg8 49. Be3 Kf8 50. Rh7 Kg8 51.
Rxh5 Kg7 52. Rg5+ Kf7 53. Rh5 Kg7 54. Rh6 Rd3 55. Rb6 Rb3 56. h5 Kh7 57. h6 Rb1 58.
Bg5 b4 59. Rb7+ Kg6 60. h7 1-0

[Event "*** Titled Tuesday Blitz"]
[Site "Chess.com"]
[Date "2020.05.05"]
[Round "7"]
[White "Ashedu66"]
[Black "petroniy_arbitr"]
[Result "0-1"]
[WhiteElo "2147"]
[BlackElo "2300"]
[TimeControl "180+1"]
[EndTime "11:19:09 PDT"]
[Termination "petroniy_arbitr won on time"]

1. d4 d5 2. c4 c6 3. Nf3 Nf6 4. e3 Bg4 5. cxd5 Bxf3 6. Qxf3 cxd5 7. Nc3 e6 8. Bd2 Nc6 9. Rc1 Bd6 10. Qh3 O-O 11. Be2 Rc8 12. O-O Na5 13. Nb5 Nc4 14.
Bxc4 dxc4 15. Qf3 Nd5 16. e4 Nb4 17. e5 Be7 18. Bxb4 Bxb4 19. Nxa7 Ra8 20. Qxb7 Qxd4 21. Nc6 Qxb2 22. Qxb4 Qxa2 23. Qxc4 Qb2 24. Qd4 Qb7 25. Rfd1 h6 26. h3 Ra2 27. Qe3 Raa8 28. Nd4 Rab8 29. Nf3 Ra8 30. Rd2 Qb4 31. Rcd1 Ra3 32. Qd4 Qa5 33. Qf4 Ra4 34. Qg3 Ra3 35. Rd3 Ra4 36. Kh2 Ra2 37. Rd7 Rb2 38. Re7 Qa2 39. Rf1 Qa6 40. Kg1 Qa2 41. Qf4 Re2 0-1

[Event "*** Titled Tuesday Blitz"]
[Site "Chess.com"]
[Date "2020.05.05"]
[Round "7"]
[White "Vaathi_Coming"]
[Black "wonderfultime"]
[Result "1-0"]
[WhiteElo "2856"]
[BlackElo "2923"]
[TimeControl "180+1"]
[EndTime "11:19:10 PDT"]
[Termination "Vaathi_Coming won by resignation"]

1. e4 c5 2. Nf3 Nf6 3. e5 Nd5 4.
Nc3 e6 5. Bc4 Nb6 6. Bd3 d6 7.
exd6 Bxd6 8. O-O O-O 9. b3 Nc6 10. Bb2 e5 11. Ne4 f5 12. Nxd6 Qxd6 13. Bb5 Nd4 14.
Nxd4 cxd4 15. a4 Rd8 16. f4 e4 17. a5 Nd7 18. Ra4 Qc5 19. Bxd7 Bxd7 20. Rc4 Qxa5 21. Rxd4 Bb5 22. Rf2 Rxd4 23. Bxd4 Rd8 24. c3 Bd3 25. h3 b6 26. Kh2 Qd5 27. b4 Rf8 28. g4 Qe6 29. Rg2 g6 30. Qe1 fxg4 31. Rxg4 h5 32. Rg5 Kh7 33. Qg3 Rf5 34. Qh4 Rxg5 35. Qxg5 Qf7 36.
Kg3 e3 37. dxe3 Bf5 38. e4 Bxe4 39. Qe5 h4+ 40. Kf2 Qa2+ 41. Ke3 1-0

[Event "*** Titled Tuesday Blitz"]
[Site "Chess.com"]
[Date "2020.05.05"]
[Round "7"]
[White "MaxVavulin"]
[Black "GMKrikor"]
[Result "1-0"]
[WhiteElo "2607"]
[BlackElo "2840"]
[TimeControl "180+1"]
[EndTime "11:19:10 PDT"]
[Termination "MaxVavulin won on time"]

1. e4 c5 2. Nf3 g6 3. d4 cxd4 4. Nxd4 Nc6 5. Nc3 Bg7 6. Be3 Nf6 7. Bc4 O-O 8. Bb3 Re8 9. f3 e6 10. f4 d6 11. Qf3 a6 12. O-O-O Qc7 13. Kb1 Nxd4 14.
Rxd4 b5 15. Rhd1 Bb7 16. a3 Rad8 17. Qe2 e5 18. fxe5 dxe5 19. Rxd8 Rxd8 20. Rxd8+ Qxd8 21. Qf3 Qd6 22. g4 Qd7 23. g5 Ne8 24. Nd5 Bxd5 25. Bxd5 Nc7 26. Bb3 Ne6 27. h4 Nd4 28. Bxd4 exd4 29.
h5 Be5 30. Ka2 Qe7 31. Qg4 gxh5 32. Qxh5 a5 33. g6 hxg6 34. Qxg6+ Bg7 35. Qb6 b4 36. a4 Qe5 37. Qd8+ 1-0

[Event "*** Titled Tuesday Blitz"]
[Site "Chess.com"]
[Date "2020.05.05"]
[Round "7"]
[White "yoolund"]
[Black "ajian"]
[Result "0-1"]
[WhiteElo "2552"]
[BlackElo "2408"]
[TimeControl "180+1"]
[EndTime "11:19:10 PDT"]
[Termination "ajian won by resignation"]

1. d4 Nf6 2. Bg5 d5 3. Bxf6 gxf6 4. c4 dxc4 5. e3 e6 6. Bxc4 Nd7 7.
Ne2 c5 8. O-O Bg7 9. Nbc3 O-O 10.
d5 Nb6 11. b3 f5 12. Rc1 Qg5 13. dxe6 fxe6 14. Bd3 Bd7 15. Ng3 Bc6 16. Qh5 Qg6 17. Qxg6 hxg6 18. Rfd1 Rac8 19. Bb5 a6 20. Bxc6 Rxc6 21.
Nge2 Rcc8 22. Nf4 Kf7 23. a4 Rfd8 24. a5 Bxc3 25. axb6 g5 26. Nd3 Bf6 27. h4 gxh4 28. Nf4 Rc6 29. b4 Rxd1+ 30. Rxd1 cxb4 31. Rd7+ Be7 32. Rxb7 b3 33. Nd3 Rd6 34. Ne5+ Kf6 35. Nd7+ Kg5 36. f4+ Kh6 37. Ne5 Rd1+ 38. Kh2 Bd6 39.
Re7 Bxe7 0-1

[Event "*** Titled Tuesday Blitz"]
[Site "Chess.com"]
[Date "2020.05.05"]
[Round "7"]
[White "anon132639"]
[Black "TERMINATOR_PC"]
[Result "1-0"]
[WhiteElo "2645"]
[BlackElo "2466"]
[TimeControl "180+1"]
[EndTime "11:19:12 PDT"]
[Termination "anon132639 won by resignation"]

1. d4 Nf6 2. Nf3 g6 3. c4 Bg7 4. Nc3 O-O 5. e4 d6 6. h3 Na6 7. Be3 e5 8. d5 Nd7 9. a3 f5 10. g4 Nf6 11. gxf5 gxf5 12. Rg1 f4 13. Bd2 Kh8 14. Qc2 Bh6 15. O-O-O Bd7 16. Kb1 Qe8 17. Be2 Nc5 18. Nh4 Na4 19. Nf5 Bxf5 20. exf5 Nxc3+ 21. Bxc3 Rg8 22. c5 Qd7 23. Bf3 Rxg1 24. Rxg1 Rg8 25.
Rd1 Re8 26. c6 bxc6 27. dxc6 Qf7 28. Qa4 Bg7 29. Qxa7 e4 30. Be2 e3 31. f3 Nd5 32.
Bxg7+ Kxg7 33. Qd4+ Nf6 34. Qxf4 Kh8 35. Qc4 Qe7 36.
Rg1 d5 37. Qd4 Qe5 38. Qxe5 Rxe5 39. Bd3 d4 40. f4 Rc5 41. Rc1 Rxc1+ 42. Kxc1 Nd5 43.
Kd1 Nxf4 44. Kc2 Kg7 45. b4 Kf6 46. b5 Nd5 47. Be4 Nb6 48. Kd3 Ke5 49. Bf3 Na4 50.
f6 Nc5+ 51. Kc4 d3 52. f7 Ne6 53. Kxd3 Kf6 54. Kxe3 Nd8 55. Bd5 Ke7 56. a4 1-0

[Event "*** Titled Tuesday Blitz"]
[Site "Chess.com"]
[Date "2020.05.05"]
[Round "7"]
[White "H3nriqueTV"]
[Black "monalize"]
[Result "0-1"]
[WhiteElo "2147"]
[BlackElo "2358"]
[TimeControl "180+1"]
[EndTime "11:19:12 PDT"]
[Termination "monalize won by resignation"]

1. e4 c5 2. Nf3 d6 3. g3 Nc6 4. Bg2 Nf6 5. d3 e6 6. O-O Be7 7. c3 O-O 8. h3 Rb8 9. Re1 b5 10. d4 cxd4 11. cxd4 d5 12. Bf4 Rb6 13. e5 Ne4 14. Nc3 Bb7 15. Nb1 b4 16. Nbd2 Na5 17.
Rc1 Qd7 18. Nxe4 dxe4 19. Ng5 Rd8 20. Nxe4 Qxd4 21. Qxd4 Rxd4 22. Nd6 Bxg2 23. Rc8+ Bf8 24. Kxg2 Rc6 25. Ra8 Nc4 26. Rxa7 Nxb2 27. Nxf7 Nd3 28.
Ra1 Nxf4+ 29. gxf4 Rxf4 30. Ng5 h6 31. Nf3 Rc2 32.
Kg3 g5 33. Kg2 Rxf2+ 34. Kxf2 Bc5+ 35. Kg3 Bxa7 36. Rb1 Bc5 37. Rc1 Be3 38. Rc8+ Rf8 39. Rc7 Ra8 40. Rc4 Bf4+ 41. Kg4 Rxa2 42. Rxb4 Kf7 43. Rb7+ Kg6 44. Nd4 h5+ 45. Kf3 Ra3+ 46.
Kf2 Be3+ 47. Ke2 Bxd4 48. Rd7 Bxe5 0-1

[Event "*** Titled Tuesday Blitz"]
[Site "Chess.com"]
[Date "2020.05.05"]
[Round "7"]
[White "LPSupi"]
[Black "OK97"]
[Result "1-0"]
[WhiteElo "2921"]
[BlackElo "2721"]
[TimeControl "180+1"]
[EndTime "11:19:13 PDT"]
[Termination "LPSupi won on time"]

1. c4 e5 2. g3 Nf6 3. Bg2 d5 4. cxd5 Nxd5 5. Nf3 Nc6 6. O-O Nb6 7. d3 Be7 8. a3 a5 9. Nc3 O-O 10. Be3 Be6 11.
Rc1 Nd5 12. Nxd5 Bxd5 13. Qa4 f6 14. Rc2 Qd7 15. Rfc1 Rfc8 16. Qb5 Rd8 17. Nd2 Bxg2 18. Kxg2 Rab8 19. Nb3 Qd5+ 20. Qxd5+ Rxd5 21. Bc5 a4 22. Nd2 Bxc5 23. Rxc5 Rbd8 24. Ne4 Nd4 25. Rxc7 Nxe2 26. Re1 Nd4 27. Rxb7 Nb3 28. Nc3 Rd4 29. Nxa4 Na5 30. Rb4 Rxb4 31. axb4 Nc6 32. b5 Nb4 33. b6 Nxd3 34.
Re3 f5 35. b4 e4 36. Nc5 Nxb4 37. b7 Nc6 38. Rb3 Kf7 39. Rb6 Nb8 40. g4 Ke7 41. gxf5 Rd6 42. Rb4 1-0

[Event "*** Titled Tuesday Blitz"]
[Site "Chess.com"]
[Date "2020.05.05"]
[Round "7"]
[White "Everyfishknows"]
[Black "doons21"]
[Result "0-1"]
[WhiteElo "2409"]
[BlackElo "2596"]
[TimeControl "180+1"]
[EndTime "11:19:13 PDT"]
[Termination "doons21 won on time"]

1. d4 Nf6 2. c4 g6 3. Nc3 Bg7 4. Nf3 O-O 5. g3 d6 6. Bg2 c6 7. O-O Bf5 8. Nh4 Be6 9. Nf3 Bxc4 10. Re1 d5 11. Nd2 Ba6 12. e4 dxe4 13. Ndxe4 Nxe4 14. Rxe4 e6 15. Bf4 Nd7 16. Qd2 Nf6 17. Ree1 Nd5 18. Be5 Nxc3 19. Bxg7 Kxg7 20. Qxc3 Kg8 21. h4 h5 22. Re5 Qf6 23. Qe3 Bc4 24. Qh6 Qg7 25. Qf4 Rad8 26. Bf3 f6 27. Re3 g5 28. hxg5 fxg5 29.
Qe5 Qxe5 30. dxe5 g4 31. Be4 Kg7 32. Kg2 Rd4 33. Kg1 Rfd8 34. b3 Rd1+ 35. Re1 Rxa1 36. Rxa1 Bd5 37. Bc2 Bf3 38. Kf1 Rd2 39. Rc1 Kf7 40.
Ke1 Rd4 41. Bb1 Rd5 42. Bc2 Rxe5+ 43. Kf1 Kf6 44. Bd3 Rd5 0-1

[Event "*** Titled Tuesday Blitz"]
[Site "Chess.com"]
[Date "2020.05.05"]
[Round "7"]
[White "Falia-p"]
[Black "GelmanAlexander"]
[Result "1-0"]
[WhiteElo "2388"]
[BlackElo "2514"]
[TimeControl "180+1"]
[EndTime "11:19:13 PDT"]
[Termination "Falia-p won by checkmate"]

1. e4 c5 2. Nf3 e6 3. d4 cxd4 4.
Nxd4 d6 5. Nc3 a6 6. h3 b5 7. g4 Bb7 8. Bg2 Ne7 9. Be3 Nbc6 10.
Qe2 Nxd4 11. Bxd4 Nc6 12. Be3 Rc8 13. f4 Na5 14. O-O-O Nc4 15. Bd4 Qa5 16. Kb1 Qb4 17. Nd5 exd5 18. exd5+ Kd7 19. Be4 Kc7 20. Rd3 Kb8 21. c3 Qa5 22. Bf5 Rd8 23. Re1 Bxd5 24. Bg1 Bb7 25. Qf2 g6 26. Qa7+ Kc7 27. Be4 Rb8 28. b3 Na3+ 29. Kb2 Bg7 30. Bxb7 b4 31. Re7+ Kd8 32. Bb6+ Kxe7 33. Bxa5 bxc3+ 34. Bxc3 Bxc3+ 35. Rxc3 Nb5 36. Qe3+ Kf6 37. Rd3 Rxb7 38. a4 Rhb8 39. axb5 Rxb5 40. Qd4+ Ke7 41. Re3+ Kf8 42. Qh8# 1-0

[Event "*** Titled Tuesday Blitz"]
[Site "Chess.com"]
[Date "2020.05.05"]
[Round "7"]
[White "vwnv7"]
[Black "Witaliss"]
[Result "1-0"]
[WhiteElo "2338"]
[BlackElo "2460"]
[TimeControl "180+1"]
[EndTime "11:19:13 PDT"]
[Termination "vwnv7 won by checkmate"]

1. c4 c6 2. Nf3 Nf6 3. d4 d6 4.
Nc3 Bg4 5. g3 Nbd7 6. Bg2 e5 7.
h3 Bh5 8. O-O Be7 9. dxe5 dxe5 10. b3 O-O 11. Bb2 Qc7 12. Nh4 Rfe8 13. Qc2 a5 14. Rad1 Nc5 15. Nf5 Bf8 16. g4 Bg6 17. e4 Ne6 18. Ne2 Red8 19. Qc3 Nd7 20. f4 exf4 21. h4 f6 22. h5 Bf7 23. h6 Bb4 24.
Qc1 g6 25. Nfd4 Bc5 26. Kh1 Nxd4 27. Nxd4 g5 28. Nf5 Ne5 29. a3 Be6 30. b4 axb4 31.
axb4 Bxb4 32. c5 Rxd1 33. Rxd1 Rd8 34. Nd6 Nxg4 35. Bh3 Nf2+ 36. Kh2 Nxh3 37. Bxf6 Rf8 38. Ba1 Nf2 39. Qb2 Ng4+ 40. Kh1 Rf6 41. Qxb4 Rxh6+ 42. Kg1 Ne3 43. Qd4 Kf8 44. Qh8+ Bg8 45. Qe5 Nxd1 46. Qe8# 1-0

[Event "*** Titled Tuesday Blitz"]
[Site "Chess.com"]
[Date "2020.05.05"]
[Round "7"]
[White "rynos0411"]
[Black "TST2014"]
[Result "0-1"]
[WhiteElo "2369"]
[BlackElo "2542"]
[TimeControl "180+1"]
[EndTime "11:19:13 PDT"]
[Termination "TST2014 won by resignation"]

1. e4 c5 2. Nf3 Nc6 3. d4 cxd4 4. Nxd4 Nf6 5. Nc3 d6 6. Be3 e5 7. Nf3 h6 8. Bc4 Be6 9. Bxe6 fxe6 10. O-O Be7 11.
Qd2 O-O 12. Rfe1 Qe8 13. Nb5 Rd8 14. Nxa7 Nxe4 15. Qd3 Nxa7 16. Bxa7 Nf6 17. Bb6 e4 18.
Rxe4 Nxe4 19. Qxe4 Rc8 20. Qxe6+ Qf7 21. Qxf7+ Rxf7 22. c3 d5 23. Bd4 Bf6 24. Rd1 Bxd4 25. Rxd4 Rc5 26. Kf1 Re7 27. Nh4 Re4 28. Nf5 h5 29. f3 Rxd4 30. Nxd4 Ra5 31. a3 Kf7 32. Ke2 g5 33. Kd3 Ra4 34. Nf5 Kf6 35. Nd4 Ke5 36. g3 h4 37. Ke3 h3 38. f4+ gxf4+ 39. gxf4+ Kd6 40. Kf3 Ra8 41. Kg3 Rh8 42. Nf3 Kc5 43.
Ne5 Rh6 44. f5 d4 45. cxd4+ Kxd4 46. Ng4 Rb6 47. f6 Rb3+ 48. Kh4 Rf3 49. Kg5 Kd5 50. Nh6 Ke6 51. f7 Ke7 52. Kg4 Rb3 53. Kg5 Rxb2 54. Kg6 Rg2+ 55. Kh7 Kf8 56. Kh8 Rxh2 57.
Kh7 Rg2 0-1

[Event "*** Titled Tuesday Blitz"]
[Site "Chess.com"]
[Date "2020.05.05"]
[Round "7"]
[White "artooon"]
[Black "heartofatiger"]
[Result "1-0"]
[WhiteElo "2642"]
[BlackElo "2434"]
[TimeControl "180+1"]
[EndTime "11:19:15 PDT"]
[Termination "artooon won on time"]

1. e4 Nf6 2. e5 Nd5 3. d4 d6 4. c4 Nb6 5. exd6 cxd6 6. Nc3 g6 7.
Nf3 Bg7 8. h3 O-O 9. Be2 Nc6 10.
O-O e5 11. dxe5 dxe5 12. Bg5 f6 13. Be3 Be6 14. Bc5 Rf7 15. b3 Nd7 16. Be3 h6 17. Ne4 Rf8 18. Qd6 Re8 19. Rad1 Bf8 20. Qd2 f5 21. Nd6 f4 22. Nxe8 fxe3 23. Qxe3 Qxe8 24. Bd3 Kg7 25. Nh4 Bf7 26. Qg3 Nc5 27. Bc2 Nd4 28. Bd3 e4 29. Rfe1 Nxd3 30. Rxd3 exd3 31. Rxe8 Rxe8 32.
Qxd3 Bc5 33. Qc3 Kh7 34. Qd2 Re2 35. Qf4 Kg7 36. b4 g5 37. Qg3 Bb6 38. c5 Bd8 39. Nf3 Nxf3+ 40. Qxf3 Re1+ 41. Kh2 Bc7+ 42. g3 b6 43. Qb7 Be5 44. cxb6 axb6 45. a4 Bd4 46. a5 bxa5 47. bxa5 Re2 48. a6 Rxf2+ 49. Kh1 Ra2 50. Qd7 1-0

[Event "*** Titled Tuesday Blitz"]
[Site "Chess.com"]
[Date "2020.05.05"]
[Round "7"]
[White "ALeks_Ivlev"]
[Black "Fandorine"]
[Result "0-1"]
[WhiteElo "2592"]
[BlackElo "2819"]
[TimeControl "180+1"]
[EndTime "11:19:16 PDT"]
[Termination "Fandorine won by resignation"]

1. d4 Nf6 2. c4 g6 3. Nc3 d5 4. e4 dxe4 5. f3 exf3 6. Nxf3 Bg7 7. Bg5 O-O 8. Qd2 Bf5 9. O-O-O Nbd7 10. h3 c5 11. d5 b5 12. cxb5 Nb6 13. Ne5 Ne4 14. Nxe4 Bxe5 15. Nc3 Qd6 16. Bd3 Bd7 17. Be2 f5 18.
Rhe1 Rac8 19. Kb1 Rfe8 20. Bf3 Bf6 21. Bf4 Bxc3 22. bxc3 Qf6 23. Be5 Qf7 24. g4 fxg4 25. Bxg4 Bxg4 26. hxg4 Nc4 27. Qf4 Qxf4 28. Bxf4 Na3+ 29.
Kb2 Nxb5 30. c4 Nd6 31. Bxd6 exd6 32. g5 Kf7 33. Rf1+ Kg7 34. Rde1 Rcd8 35. Kc3 Rxe1 36.
Rxe1 Rd7 37. a4 h6 38. gxh6+ Kxh6 39. a5 g5 40. a6 g4 41. Rb1 Rg7 42. Kd3 g3 43.
Ke3 g2 44. Kf2 g1=Q+ 45. Rxg1 Rxg1 46. Kxg1 Kg5 47. Kf2 Kf4 0-1

[Event "*** Titled Tuesday Blitz"]
[Site "Chess.com"]
[Date "2020.05.05"]
[Round "7"]
[White "Tsyhanchuk_Stanislav"]
[Black "DivyaDeshmukh23"]
[Result "1-0"]
[WhiteElo "2583"]
[BlackElo "2401"]
[TimeControl "180+1"]
[EndTime "11:19:16 PDT"]
[Termination "Tsyhanchuk_Stanislav won by resignation"]

1. e4 c5 2. Nf3 d6 3. d4 cxd4 4. Nxd4 Nf6 5. Nc3 a6 6. Bg5 Nbd7 7. f4 Qc7 8. Qf3 b5 9. O-O-O Bb7 10. a3 e6 11. Bd3 Be7 12. g4 Rc8 13. Bh4 h6 14. Bg3 g5 15. f5 e5 16. Nb3 Nc5 17. Nxc5 dxc5 18. Nd5 Bxd5 19. exd5 c4 20. Be4 c3 21. b4 Qc4 22. d6 Qa2 23. Bc6+ Nd7 24. Qxc3 Rxc6 25.
Qxc6 Qxa3+ 26. Kd2 Qxb4+ 27. Ke2 Qxg4+ 28. Kf2 Qxf5+ 29. Kg2 Bd8 30. Rhf1 Qg6 31. Rde1 f6 32. Qd5 Qxc2+ 33. Rf2 Qc5 34. Qe6+ Kf8 35. Qxd7 Qd5+ 36. Kg1 Bb6 37. Rf1 Bxf2+ 38. Rxf2 Qd1+ 39. Kg2 Qd5+ 40. Kg1 Qd1+ 41. Rf1 Qd4+ 42. Bf2 Qd5 43. Qe7+ Kg8 44.
d7 1-0

[Event "*** Titled Tuesday Blitz"]
[Site "Chess.com"]
[Date "2020.05.05"]
[Round "7"]
[White "ChronicUnhappiness"]
[Black "Al_Shima"]
[Result "1/2-1/2"]
[WhiteElo "2313"]
[BlackElo "2447"]
[TimeControl "180+1"]
[EndTime "11:19:16 PDT"]
[Termination "Game drawn by repetition"]

1. d4 Nf6 2. c4 Nc6 3. Nf3 d6 4.
Nc3 e5 5. d5 Nb8 6. e4 Be7 7.
Bd3 O-O 8. O-O a5 9. h3 Na6 10.
Be3 b6 11. a3 Nc5 12. Bc2 Ba6 13. b4 Ncd7 14. Nd2 Bc8 15. Ba4 Ne8 16. Bc6 Ra6 17. Qe2 Nb8 18. Bb5 Ra8 19. Rfc1 Bg5 20. c5 axb4 21.
axb4 Rxa1 22. Rxa1 Bxe3 23. Qxe3 bxc5 24. bxc5 dxc5 25.
Nc4 Nd6 26. Qxc5 Nd7 27. Bxd7 Bxd7 28. Nxe5 Re8 29. Nxd7 Qxd7 30. Ra7 Nxe4 31. Nxe4 Rxe4 32. Qxc7 Re1+ 33. Kh2 Qxc7+ 34. Rxc7 Kf8 35. g4 Rd1 36. Rc5 Ke7 37. Kg3 Kd6 38. Ra5 Rxd5 39. Ra7 Ke6 40. f4 Rd3+ 41. Kh4 h6 42. Ra6+ Kd5 43. Ra7 Ke6 44.
Ra6+ Ke7 45. Ra7+ Kf6 46. Ra6+ Ke7 47. Ra7+ Ke6 1/2-1/2

[Event "*** Titled Tuesday Blitz"]
[Site "Chess.com"]
[Date "2020.05.05"]
[Round "7"]
[White "Bulldog167"]
[Black "SahajGrover"]
[Result "1-0"]
[WhiteElo "2930"]
[BlackElo "2723"]
[TimeControl "180+1"]
[EndTime "11:19:18 PDT"]
[Termination "Bulldog167 won by resignation"]

1. d4 Nf6 2. c4 e6 3. Nf3 d5 4.
Nc3 Bb4 5. Bg5 h6 6. Bxf6 Qxf6 7.
e3 O-O 8. Rc1 Nc6 9. Be2 dxc4 10. Bxc4 e5 11. O-O Bxc3 12. bxc3 Bg4 13. h3 Bh5 14. Bd5 Rad8 15. Bxc6 bxc6 16. g4 e4 17. Ne5 Bg6 18. f4 exf3 19. Qxf3 Qe6 20. Qxc6 Qxa2 21.
Rf2 Qa5 22. Rcf1 Rd6 23. Qc4 Kh7 24. Nxf7 Rb6 25. Ra2 Qb5 26. Qxb5 Rxb5 27. Ng5+ Kg8 28. Rxf8+ Kxf8 29. Ne6+ Kf7 30. Nxc7 Rb7 31. Nd5 Be4 32. c4 g5 33. Nc3 Bd3 34. Nb5 Kg7 35. Rxa7 Rxa7 36.
Nxa7 Bxc4 37. Kf2 Kf6 38. Nc6 Bd5 39. Ne5 Be4 40. Nf3 Ke6 41. Nd2 Bd3 42. e4 Bb5 43. Ke3 Kd6 44. Nf3 Bf1 45. h4 gxh4 46. Nxh4 Bh3 47. Kf4 1-0

[Event "*** Titled Tuesday Blitz"]
[Site "Chess.com"]
[Date "2020.05.05"]
[Round "7"]
[White "TheBigBoss04"]
[Black "1random"]
[Result "1-0"]
[WhiteElo "2711"]
[BlackElo "2525"]
[TimeControl "180+1"]
[EndTime "11:19:18 PDT"]
[Termination "TheBigBoss04 won on time"]

1. d4 d5 2. Bf4 c5 3. e3 cxd4 4. exd4 Nc6 5. c3 f6 6. Nf3 g5 7. Bg3 Bg7 8. Bd3 e5 9. dxe5 fxe5 10. O-O e4 11. Re1 Kf8 12. Bxe4 dxe4 13. Bd6+ Nge7 14. Nxg5 Bf5 15. Rxe4 Bxe4 16. Ne6+ Kf7 17. Nxd8+ Rhxd8 18. Qh5+ Kg8 19. Bxe7 Nxe7 20. Na3 Nc6 21. Re1 Bg6 22. Qb5 Rd7 23. h4 Rf8 24. h5 Bf7 25. Qg5 h6 26.
Qg4 Rdd8 27. Re3 Kh8 28. Rg3 Rg8 29. Qe2 Rde8 30. Re3 Rd8 31. Nc4 Bd5 32. Rg3 Bf6 33. Rxg8+ Rxg8 34. Ne3 Bxa2 35. Qf3 Bg7 36. c4 b6 37. Qxc6 Bb1 38. Qd5 Bxb2 39. Nf5 Bxf5 40. Qxf5 1-0

[Event "*** Titled Tuesday Blitz"]
[Site "Chess.com"]
[Date "2020.05.05"]
[Round "7"]
[White "rakshi2005"]
[Black "Artem_Sadovsky"]
[Result "0-1"]
[WhiteElo "2305"]
[BlackElo "2547"]
[TimeControl "180+1"]
[EndTime "11:19:18 PDT"]
[Termination "Artem_Sadovsky won by checkmate"]

1. e4 g6 2. d4 Bg7 3. Nc3 c6 4. h3 d5 5. Nf3 dxe4 6. Nxe4 Nf6 7. Bd3 O-O 8. Bg5 Nbd7 9. Nxf6+ Nxf6 10. Qe2 c5 11. dxc5 Qa5+ 12. Bd2 Qxc5 13. O-O Nd5 14. c4 Nb4 15. Be4 f5 16. Bb1 Bxb2 17. Be3 Qxe3 18. Qxe3 Bxa1 19. Bd3 e5 20. Rxa1 e4 21. Ne5 exd3 22.
Nxd3 Nc2 23. Qc1 Nxa1 24. Qxa1 Be6 25. Qe5 Bxc4 26. Nf4 Bf7 27. h4 Rac8 28. h5 gxh5 29. Qxf5 Rc6 30. Qg5+ Bg6 31. Nxh5 Rf5 32. Qd8+ Rf8 33.
Qd5+ Bf7 34. Qg5+ Rg6 35. Nf6+ Kg7 36. Qe5 Rxf6 37. Qg5+ Bg6 38. f3 Rf5 39. Qe3 b6 40. Qe7+ R8f7 41. Qe3 Ra5 42. Qc3+ Rf6 43. Qc7+ Bf7 44.
f4 Rxa2 45. Kh2 h5 46. Qc3 Bd5 47. Qg3+ Rg6 48. Qc3+ Kh7 49. Kh3 Raxg2 50. Qc7+ Kh6 51. f5 R6g3+ 52. Kh4 Rg4+ 53. Kh3 R2g3+ 54. Kh2 Rg1 55. Qd6+ Kg5 56. Qxd5 R1g2+ 57. Kh3 R2g3+ 58. Kh2 Rg2+ 59. Kh3 R4g3# 0-1

[Event "*** Titled Tuesday Blitz"]
[Site "Chess.com"]
[Date "2020.05.05"]
[Round "7"]
[White "nickmatta"]
[Black "calin_dragomirescu"]
[Result "1-0"]
[WhiteElo "2452"]
[BlackElo "2302"]
[TimeControl "180+1"]
[EndTime "11:19:18 PDT"]
[Termination "nickmatta won by resignation"]

1. d4 g6 2. c4 Bg7 3. Nc3 d6 4. e4 Nf6 5. Bd3 Nc6 6. Nge2 O-O 7.
O-O e5 8. d5 Nd4 9. Bg5 c5 10.
Qd2 a6 11. Rab1 Rb8 12. b4 cxb4 13. Rxb4 Nxe2+ 14. Bxe2 Qc7 15. Rb2 Re8 16. f4 exf4 17.
Qxf4 Nxe4 18. Nxe4 Bxb2 19. Nf6+ Kf8 20. Nxh7+ Kg7 21. Nf6 Kf8 22. Bh6+ Ke7 23. Nxe8 Kxe8 24. Bd3 Be5 25. Qh4 Qc5+ 26. Kh1 Qd4 27. Bf4 Bxf4 28. Rxf4 Qa1+ 29. Rf1 Qg7 30. Qe4+ Kf8 31. Qf3 Bd7 32. Be4 Re8 33. c5 Re5 34. cxd6 b5 35. Bd3 Kg8 36. Qf4 Bf5 37. Bxf5 Rxf5 38. Qc1 Rxf1+ 39.
Qxf1 Qd4 40. h3 Kg7 41. Qf3 Qa1+ 42. Kh2 Qe5+ 43. Qg3 Qe8 44. Qc3+ f6 45. Qc7+ Kh6 46. d7 Qe7 47. d8=Q Qxd8 48. Qxd8 f5 49. Qe7 f4 50. d6 f3 51. gxf3 1-0